 Seeded DCSS version 0.31-a0-995-g04711c9 (webtiles) character file.

Game seed: 3666117722207413318 (custom seed)

6094912 PurpleRed the Shapeless Human (level 27, 287/291 HPs)
             Began as a Human Shapeshifter on Nov 6, 2023.
             Was an Initiate of Gozag.
             Escaped with the Orb
             ... and 8 runes!
             The game lasted 04:49:41 (80154 turns).

PurpleRed the Shapeless Human (Human Shapeshifter) Turns: 80154, Time: 04:49:42

Health: 287/291    AC: 44    Str: 28    XL:     27
Magic:  36/37      EV: 27    Int: 14    God:    Gozag
Gold:   4513       SH: 20    Dex: 16    Spells: 40/46 levels left

rFire   + .          .
                       - Unarmed
rCold   + + .        E - +5 kite shield {reflect}
rNeg    + . .        y - melded +3 plate armour {rF+}
rPois   ∞            m - +2 hat of the Bear Spirit {Spirit, Bear, *Rage Will++}
rElec   +            T - scarf {rC+ rF+}
rCorr   .            n - melded +2 pair of gloves {Dex+3}
SInv    .            k - melded +2 pair of boots {rampage}
Will    ++++.        B - amulet of Wudeej {Faith +Blink rC+ Slay+5}
Stlth   +            a - ring of Noxoac {Fly AC+4 Str+3}
HPRegen 0.68/turn    X - ring "Pymec" {EV+5 Dex+3}
MPRegen 0.25/turn

%: reflection, clarity, guardian spirit, faith
@: statue-form, gold aura, flying, studying 2 skills, very slow
A: slow and powerful, torment resistance 1, boosted hp, (iridescent scales 1),
clarity, frail 1, poison resistance, screaming 1, subdued magic 1
0: Orb of Zot
}: 8/15 runes: decaying, slimy, silver, abyssal, demonic, glowing, dark,
gossamer
a: Begin Untransformation, Renounce Religion, Evoke Blink, Potion Petition, Call
Merchant, Bribe Branch


You escaped.
You worshipped Gozag.
Gozag was most pleased with you.
You were a living statue of rough stone.
You visited 12 branches of the dungeon, and saw 54 of its levels.
You visited Pandemonium 1 time, and saw 11 of its levels.
You visited the Abyss 2 times.
You visited 1 bazaar.
You visited 1 ziggurat, and saw 10 of its levels.
You also visited: Trove, Bailey and Wizlab.

You collected 36871 gold pieces.
You spent 6863 gold pieces at shops.
You paid 25495 gold pieces to Gozag.

Inventory:

Missiles
 u - 17 curare-tipped darts
Armour
 f - the +11 plate armour of Wisdom {-Cast +Inv Dex+5}
   (You acquired it on level 7 of a ziggurat)

   Dex+5:     It affects your dexterity (+5).
   +Inv:      It lets you turn invisible.
   -Cast:     It prevents spellcasting.
 k - a +2 pair of boots of rampaging (melded)
 m - the +2 hat of the Bear Spirit (worn) {Spirit, Bear, *Rage Will++}
   (You found it in a bailey)

   Bear:      Going berserk makes the wearer exceptionally tough, and they are
   slowed for a shorter time afterward.
   Will++:    It greatly increases your willpower.
   *Rage:     It berserks you when you make melee attacks (+20% chance).
 n - a +2 pair of gloves of dexterity (melded)
 r - the +0 pair of boots of Lushosm {rF+ rC+}
   (You found it on level 3 of the Depths)

   rF+:       It protects you from fire.
   rC+:       It protects you from cold.
 y - a +3 plate armour of fire resistance (melded)
 E - a +5 kite shield of reflection (worn)
 H - a +1 helmet of see invisible
 S - the +1 cloak of Starlight {*Dazzle EV+4 Stlth--}
   (You found it on level 3 of the Elven Halls)

   *Dazzle:   It may blind those who miss an attack against the wearer in melee
   combat.
   EV+4:      It affects your evasion (+4).
   Stlth--:   It makes you much less stealthy.
 T - a scarf of resistance (worn)
Jewellery
 a - the ring of Noxoac (left fist) {Fly AC+4 Str+3}
   (You found it on level 5 of the Vaults)

   [ring of protection]

   AC+4:      It affects your AC (+4).
   Str+3:     It affects your strength (+3).
   Fly:       It grants you flight.
 c - the ring "Dewked" {Fly rElec rC++}
   (You found it on level 1 of the Vaults)

   [ring of flight]

   rC++:      It greatly protects you from cold.
   rElec:     It insulates you from electricity.
   Fly:       It grants you flight.
 g - the ring "Itzaip" {rF+ rC- Str+6 Slay+2}
   (You found it on level 8 of a ziggurat)

   [ring of strength]

   Str+6:     It affects your strength (+6).
   Slay+2:    It affects your accuracy & damage with ranged weapons and melee
   (+2).
   rF+:       It protects you from fire.
   rC-:       It makes you vulnerable to cold.
 B - the amulet of Wudeej (around neck) {Faith +Blink rC+ Slay+5}
   (You bought it in a shop on level 10 of the Dungeon)

   [amulet of faith]

   Faith:     It allows you to gain divine favour quickly.
   Slay+5:    It affects your accuracy & damage with ranged weapons and melee
   (+5).
   rC+:       It protects you from cold.
   +Blink:    It lets you blink.
 X - the ring "Pymec" (right fist) {EV+5 Dex+3}
   (You found it on level 8 of a ziggurat)

   [ring of evasion]

   EV+5:      It affects your evasion (+5).
   Dex+3:     It affects your dexterity (+3).
 Y - the ring "Piuliom" {rF+ Str+6}
   (You found it on level 5 of the Vaults)

   [ring of strength]

   Str+6:     It affects your strength (+6).
   rF+:       It protects you from fire.
 Z - the amulet "Ubirch Ytoi" {RegenMP Fly rElec rN+}
   (You took it off an ogre mage on level 10 of the Dungeon)

   [amulet of magic regeneration]

   RegenMP:   It increases your rate of magic regeneration.
   rElec:     It insulates you from electricity.
   rN+:       It protects you from negative energy.
   Fly:       It grants you flight.
Talismans
 d - a flux talisman
 t - a dragon-blood talisman
 J - the storm talisman of the Eternal Void {rC+ rN++ Int-4}
   (You found it on level 5 of the Vaults)

   [storm talisman]

   Int-4:     It affects your intelligence (-4).
   rC+:       It protects you from cold.
   rN++:      It greatly protects you from negative energy.
 L - a blade talisman
 Q - a granite talisman (active)
Wands
 A - a wand of digging (17)
 G - a wand of light (30)
 O - a wand of roots (48)
Scrolls
 h - 9 scrolls of fear
 j - 4 scrolls of revelation
 l - 9 scrolls of immolation
 p - 8 scrolls of blinking
 v - 5 scrolls of silence
 N - 8 scrolls of fog
 P - 3 scrolls of butterflies
 U - 15 scrolls of enchant armour
 V - 16 scrolls of teleportation
Potions
 b - 9 potions of lignification
 e - 3 potions of mutation
 i - 12 potions of curing
 o - 5 potions of resistance
 q - 4 potions of berserk rage
 s - 14 potions of attraction
 w - 4 potions of magic
 x - 7 potions of cancellation
 z - 14 potions of brilliance
 C - 7 potions of enlightenment
 D - 2 potions of haste
 I - 3 potions of might
 K - 11 potions of ambrosia
 M - 6 potions of invisibility
 R - 4 potions of heal wounds
Miscellaneous
 F - a phantom mirror
 W - a lightning rod (4/4)


   Skills:
 O Level 27 Fighting
 - Level 10.0 Armour
 - Level 18.0 Dodging
 - Level 18.0 Shields
 + Level 26.1 Unarmed Combat
 - Level 10.0 Spellcasting
 - Level 10.4 Translocations
 - Level 10.0 Evocations
 O Level 27 Shapeshifting


You had 40 spell levels left.
You knew the following spells:

 Your Spells              Type           Power      Damage    Failure   Level
a - Manifold Assault      Tloc           27%        N/A       1%          4
b - Wereblood             Tmut           5%         N/A       17%         2

Your spell library contained the following spells:

 Spells                   Type           Power      Damage    Failure   Level
 Apportation              Tloc           54%        N/A       1%          1
 Blink                    Tloc           54%        N/A       1%          2
 Lesser Beckoning         Tloc           54%        N/A       1%          2
 Momentum Strike          Conj/Tloc      32%        3d8       1%          2
 Gell's Gravitas          Tloc           27%        N/A       1%          3
 Teleport Other           Tloc           27%        N/A       1%          3
 Passage of Golubria      Tloc           27%        N/A       1%          4
 Volatile Blastmotes      Fire/Tloc      32%        2d12      3%          3
 Foxfire                  Conj/Fire      20%        2x1d5     11%         1
 Freeze                   Ice            20%        1d4       11%         1
 Magic Dart               Conj           20%        1d4       11%         1
 Necrotise                Necr           20%        1d5       11%         1
 Sandblast                Erth           10%        2d5       11%         1
 Shock                    Conj/Air       20%        1d4       11%         1
 Slow                     Hex            20%        N/A       11%         1
 Sting                    Tmut/Pois      20%        1d4       11%         1
 Summon Small Mammal      Summ           20%        N/A       11%         1
 Dimensional Bullseye     Hex/Tloc       8%         N/A       13%         4
 Iskenderun's Mystic Bla  Conj/Tloc      16%        2d5       13%         4
 Vhi's Electric Charge    Tloc/Air       32%        N/A       13%         4
 Call Imp                 Summ           10%        N/A       17%         2
 Cigotuvi's Dreadful Rot  Necr/Pois/Air  10%        N/A       17%         2
 Ensorcelled Hibernation  Hex/Ice        10%        N/A       17%         2
 Jinxbite                 Hex            10%        N/A       17%         2
 Passwall                 Tmut/Erth      4%         N/A       17%         2
 Poisonous Vapours        Pois/Air       10%        N/A       17%         2
 Scorch                   Fire           10%        2d5       17%         2
 Static Discharge         Conj/Air       10%        3-4/arc   17%         2
 Call Canine Familiar     Summ           5%         N/A       32%         3
 Confusing Touch          Hex            5%         N/A       32%         3
 Dazzling Flash           Conj/Hex       10%        N/A       32%         3
 Frozen Ramparts          Ice            10%        1d2       32%         3
 Hailstorm                Conj/Ice       5%         3d4       32%         3
 Inner Flame              Hex/Fire       5%         N/A       32%         3
 Mephitic Cloud           Conj/Pois/Air  5%         N/A       32%         3
 Ozocubu's Armour         Ice            5%         N/A       32%         3
 Sigil of Binding         Hex            5%         N/A       32%         3
 Stone Arrow              Conj/Erth      10%        3d7       32%         3
 Summon Guardian Golem    Hex/Summ       5%         N/A       32%         3
 Swiftness                Air            5%         N/A       32%         3
 Tukima's Dance           Hex            5%         N/A       32%         3
 Vampiric Draining        Necr           5%         2d6       32%         3
 Summon Forest            Summ/Tloc      8%         N/A       36%         5
 Airstrike                Air            2%         2d(1-17)  75%         4
 Anguish                  Hex/Necr       2%         N/A       75%         4
 Animate Armour           Summ/Erth      10%        N/A       75%         4
 Brom's Barrelling Bould  Conj/Erth      5%         2d3       75%         4
 Cause Fear               Hex            2%         N/A       75%         4
 Dispel Undead            Necr           5%         3d7       75%         4
 Flame Wave               Conj/Fire      5%         2d5       75%         4
 Fulminant Prism          Conj/Hex       2%         3d5       75%         4
 Leda's Liquefaction      Hex/Erth       2%         N/A       75%         4
 Petrify                  Tmut/Erth      5%         N/A       75%         4
 Sticky Flame             Conj/Fire      5%         2d3       75%         4
 Summon Ice Beast         Ice/Summ       5%         N/A       75%         4
 Summon Lightning Spire   Summ/Air       5%         N/A       75%         4
 Agony                    Necr           5%         N/A       98%         5
 Alistair's Intoxication  Tmut/Pois      3%         N/A       98%         5
 Arcjolt                  Conj/Air       2%         1d12      98%         5
 Borgnjor's Vile Clutch   Necr/Erth      2%         N/A       98%         5
 Fireball                 Conj/Fire      2%         3d4       98%         5
 Freezing Cloud           Conj/Ice/Air   2%         6-21      98%         5
 Irradiate                Conj/Tmut      2%         3d12      98%         5
 Iskenderun's Battlesphe  Conj           5%         2d6       98%         5
 Metabolic Englaciation   Hex/Ice        2%         N/A       98%         5
 Silence                  Hex/Air        2%         N/A       98%         5
 Summon Mana Viper        Hex/Summ       5%         N/A       98%         5
 Yara's Violent Unravell  Hex/Tmut       2%         3d3       98%         5
 Bombard                  Conj/Erth      2%         9d1       100%        6
 Conjure Ball Lightning   Conj/Air       2%         3x3d6     100%        6
 Death Channel            Necr           2%         N/A       100%        6
 Eringya's Noxious Bog    Tmut/Pois      2%         4d6       100%        6
 Plasma Beam              Fire/Air       2%         2x1d12    100%        6
 Starburst                Conj/Fire      2%         6d3       100%        6
 Summon Cactus Giant      Summ           2%         N/A       100%        6
 Haunt                    Necr/Summ      2%         N/A       100%        7
 Orb of Destruction       Conj           2%         9d5       100%        7
 Spellforged Servitor     Conj/Summ      2%         N/A       100%        7
 Summon Hydra             Summ           2%         N/A       100%        7
 Ignition                 Fire           2%         3d3       100%        8
 Infestation              Necr           2%         N/A       100%        8
 Lehudib's Crystal Spear  Conj/Erth      2%         10d2      100%        8
 Maxwell's Capacitive Co  Air            2%         ∞         100%        8
 Chain Lightning          Conj/Air       2%         3d3       100%        9
 Dragon's Call            Summ           2%         N/A       100%        9
 Sublimation of Blood     Necr           Unusable   N/A       N/A         2
 Animate Dead             Necr           Unusable   N/A       N/A         4
 Simulacrum               Ice/Necr       Unusable   N/A       N/A         6

Dungeon Overview and Level Annotations

Branches:
Dungeon (15/15)            Temple (1/1) D:6            Lair (5/5) D:9
  Swamp (4/4) Lair:3       Spider (4/4) Lair:3        Slime (5/5) Lair:5
    Orc (2/2) D:12            Elf (3/3) Orc:2        Vaults (5/5) D:14
  Crypt (1/3) Vaults:2     Depths (4/4) D:15            Zot (5/5) Depths:4
 Bailey (visited)          WizLab (visited)

Altars:
Ashenzari
Cheibriados
Dithmenos
Elyvilon
Fedhas
Gozag
Hepliaklqana
Kikubaaqudgha
Makhleb
Nemelex Xobeh
Okawaru
Qazlal
Ru
Sif Muna
Trog
Uskayaw
Vehumet
Wu Jian
Xom
Yredelemnul
Zin
The Shining One
Jiyva

Shops:
D:5 !   D:9 :   D:10 =   D:13 =   D:14 ?   D:15 :   Orc:1 [?[   Orc:2 :*[(
Elf:1 (   Elf:3 [   Lair:5 [   Spider:3 [   Vaults:4 *[   Depths:1 :***!*
Depths:4 *

Portals:
Hell: Depths:1 Depths:2 Depths:3 Depths:4
Abyss: Depths:1 Depths:2 Depths:3
Pandemonium: Depths:2

Annotations:
Elf:2 3 runed translucent doors, exclusion: orange crystal statue
Crypt:1 Grunn


Innate Abilities, Weirdness & Mutations

You are a living statue of rough stone.
Your actions are slow, but your melee attacks are powerful.
You are resistant to unholy torment.
Your maximum health is greatly increased.
Your equipment is partially melded.
You are immune to poison.
((You are partially covered in iridescent scales. (AC +2)))
You possess an exceptional clarity of mind.
You are frail. (-10% HP)
Your system is resistant to poisons. (rPois)
You occasionally shout uncontrollably at your foes.
Your spells are a little easier to cast, but a little less powerful.


Message History

The demonspawn blood saint hits you with a +0 dagger!
You are engulfed in flames!
You resist. The blizzard demon gestures at you. The bolt of cold misses you.
You pulverise the demonspawn blood saint!!!
You kill the demonspawn blood saint!
You block the blizzard demon's attack. x2
You block the blizzard demon's attack. x2
Things that are here:
5 gold pieces; a +0 dagger; a +0 robe You squash the blizzard demon like an ant!!!!
You kill the blizzard demon!
You now have 4513 gold pieces (gained 12).
A blizzard demon comes into view.
Things that are here:
5 gold pieces; a +0 dagger; a +0 robe A Pamu, a smoke demon and a large abomination come into view.
The smoke demon roars!
Pamu moves out of view.
The blizzard demon is distracted by your dazzling golden aura.
The smoke demon gestures at you.
The ball of steam hits you but does no damage.
You see here a +0 dagger.
The blizzard demon gestures at you. The freezing blast misses you.
You are engulfed in freezing vapours.
You resist.
You see here a +0 club.
You are engulfed in freezing vapours.
You resist.
The blizzard demon is engulfed in freezing vapours.
A hellwing comes into view.
The hellwing moves out of view.
There is a staircase leading out of the dungeon here.
You feel much better.
You pulverise the large abomination!!!
You destroy the large abomination!
The blizzard demon gestures at you. The bolt of lightning hits you. You resist.
The bolt of lightning misses you. The blizzard demon gestures at you.
The freezing blast misses you.
You have escaped!

...# #......# ##.# ...## #...4..#
#### ##..# ....# ##.....##
##..#######..### ....##
#.....#.###.#............. .....#
#....###.#.##########.#... ...#.#
#...## ##°## ##.....#.....
#....######.###°#4###.#....#.....
####..# #.##.#.#○#2#.##.........#
......# #.###.#☼8☼#°###....#.#..#
......###.##.#☼#§#)#°##§.........
..........#.###○#.###○#........##
..........(## ##.## ##X..........
##..........###.#.###.2○.........
##..........#.###.##.§..........
#.........).#####..§..........)
#.....#............§.$..#......
####.......##..##X.3.##.##.....


You could see a blizzard demon and a hellwing.

Vanquished Creatures
  the Royal Jelly (Slime:5)
  Gloorx Vloq (Pan)
  2 seraphim
  Mnoleg (Pan)
  4 dread liches
  6 orbs of fire
  3 ancient liches
  A juggernaut (Depths:3)
  The ghost of Xocw the Executioner, a legendary GrMo of the Shining One (Zig:8)
  Boris (twice) (Depths:4 D:14)
  Frederick (Vaults:3)
  3 Killer Klowns
  2 pandemonium lords
  A caustic shrike (Zig:2)
  A curse toe (Zot:3)
  Saint Roka (Depths:1)
  9 golden dragons
  2 profane servitors
  Norris (Depths:2)
  Arachne (Spider:2)
  A bone dragon (Abyss:3)
  3 doom hounds
  3 electric golems
  Jorgrun (Orc:1)
  A Tzitzimitl (Zot:5)
  A Hell Sentinel (Zig:9)
  23 tentacled monstrosities
  4 titans
  2 Ice Fiends (D:11)
  7 liches
  Rupert (Lair:4)
  2 walking earthen tomes
  17 quicksilver dragons
  2 deep elf master archers (Elf:3)
  2 deep elf blademasters (Elf:3)
  6 Orb Guardians
  9 tentacled starspawn
  17 acid blobs
  14 Executioners (Pan)
  3 ancient champions
  12 death cobs
  A thorn hunter (Swamp:4)
  13 sphinxes
  15 shadow dragons
  10 tengu reavers
  Kirke (D:15)
  A revenant (Zig:8)
  5 nagarajas
  Donald (Spider:3)
  Roxanne (Swamp:1)
  8 azure jellies
  A demonspawn warmonger (Pan)
  4 draconian monks
  A fenstrider witch (Swamp:3)
  13 daevas
  10 storm dragons
  9 fire giants
  9 rockslimes
  6 emperor scorpions
  5 frost giants
  11 draconian knights
  Louise (Depths:3)
  3 quicksilver elementals (Zig:9)
  7 ghost moths
  19 vault wardens
  13 deep elf sorcerers
  3 iron dragons
  12 draconian scorchers
  4 deep elf elementalists
  12 angels
  8 draconian shifters
  2 curse skulls (Pan)
  9 cacodemons (Pan)
  3 balrugs
  A demonspawn corrupter (Pan)
  9 draconian stormcallers
  A reaper (D:3)
  14 draconian annihilators
  An orc warlord (Orc:1)
  21 ironbound preservers
  3 demonspawn blood saints
  9 ophanim
  2 starflowers (Abyss:3)
  5 deep elf demonologists
  2 war gargoyles (Zig:9)
  10 quicksilver oozes
  18 stone giants
  4 formless jellyfish
  2 caustic shrike skeletons (Pan)
  9 ironbound thunderhulks
  14 apis (Pan)
  5 broodmothers
  24 very ugly things
  17 green draconians
  19 black draconians
  5 eleionomae
  3 demonspawn black suns
  Nessos (D:15)
  13 dire elephants
  20 yellow draconians
  Azrael (D:14)
  4 lorocyprocas
  6 deep elf annihilators
  33 purple draconians
  13 red draconians
  8 spark wasps
  27 white draconians
  4 bunyips (Swamp:4)
  5 ettins
  5 eidola
  An ettin (shapeshifter) (Depths:2)
  4 blizzard demons
  4 deep elf death magi
  A spriggan zombie (Depths:1)
  4 fire dragons
  4 iron golems
  Josephine (D:13)
  6 entropy weavers
  9 deep elf high priests
  A shambling mangrove (Swamp:4)
  36 vault guards
  13 yaktaur captains
  An entropy weaver (shapeshifter) (Vaults:3)
  A quicksilver dragon skeleton (Depths:2)
  5 salamander tyrants
  7 ice dragons
  A hell beast (Pan)
  7 great orbs of eyes
  18 hydras
  A peacekeeper (Vaults:3)
  4 rakshasas
  10 alligators
  A spriggan air mage (Depths:4)
  15 ironbound frosthearts
  A jorogumo (shapeshifter) (Vaults:3)
  A catoblepas (Lair:5)
  4 spriggan skeletons (Pan)
  5 ogre magi
  10 boulder beetles
  2 ghost crabs (Swamp:2)
  A jorogumo (Spider:4)
  Erica (D:9)
  22 centaur warriors
  A fenstrider witch skeleton (Pan)
  4 radroaches
  A radroach (shapeshifter) (Vaults:5)
  An anaconda (Zig:7)
  A catoblepas (shapeshifter) (Vaults:5)
  8 two-headed ogres
  An anaconda (shapeshifter) (Depths:2)
  A death knight (Abyss:3)
  3 naga warriors
  10 deep troll shamans
  15 demonic crawlers
  13 dancing weapons
  5 deep troll earth magi
  A sphinx skeleton (Vaults:2)
  4 death yaks
  2 tengu warriors
  9 soul eaters
  3 naga sharpshooters
  2 spriggan berserkers
  A vampire mage (Depths:4)
  4 shock serpents
  A shock serpent (shapeshifter) (Depths:3)
  5 thrashing horrors (Abyss:3)
  Urug (Lair:5)
  8 hell knights
  11 sun demons
  5 orc high priests
  9 spriggans
  A salamander mystic (Zig:10)
  A titan skeleton (Pan)
  A crystal echidna (Zig:9)
  7 pharaoh ants
  5 shadow wraiths
  14 deep elf knights
  6 sixfirhies
  3 skeletal warriors (Vaults:2)
  2 skysharks (Depths:2)
  2 sun moths (Spider:1)
  17 cherubim
  8 iron trolls
  5 wretched stars
  A spatial maelstrom (Abyss:3)
  4 spriggan druids
  A death drake (Zig:4)
  6 goliath frogs
  A storm dragon skeleton (Pan)
  9 orb spiders
  A deep troll (shapeshifter) (Elf:1)
  A flayed ghost (Depths:4)
  30 ironbound convokers
  4 shadow demons
  5 glowing orange brains
  14 swamp dragons
  6 arcanists
  10 steelbarb worms
  16 deep elf archers
  A bunyip skeleton (Pan)
  57 deep trolls
  2 swamp dragons (shapeshifter)
  2 bog bodies
  5 naga ritualists
  A tengu zombie (Depths:1)
  Pikel (D:9)
  6 orc knights
  2 mana vipers (shapeshifter) (Vaults:5)
  31 deep elf pyromancers
  2 golden dragon skeletons
  51 large abominations
  6 phantasmal warriors
  32 deep elf zephyrmancers
  8 harpies
  2 necromancers
  7 lindwurms
  30 wolf spiders
  4 cyclopes
  6 shining eyes
  33 ugly things
  5 orc sorcerers
  14 moths of wrath
  5 worldbinders (Abyss:3)
  2 tengu skeletons
  3 will-o-the-wisps
  6 manticores
  A salamander (Zig:10)
  20 vault sentinels
  A black mamba (shapeshifter) (Vaults:5)
  A toenail golem (Depths:3)
  8 black mambas
  2 fire giant skeletons (Vaults:2)
  A guardian serpent (Zig:7)
  2 iron dragon skeletons
  Maurice (D:11)
  2 rust devils
  Joseph (D:8)
  12 eyes of devastation
  Maggie (D:8)
  7 elephants
  9 orange demons
  7 smoke demons
  A frost giant skeleton (Depths:1)
  7 torpor snails
  A naga mage (Zig:10)
  22 cane toads
  2 elf skeletons (Vaults:2)
  3 kobold demonologists (Abyss:3)
  4 unseen horrors
  An unseen horror (shapeshifter) (Vaults:3)
  A dire elephant skeleton (Pan)
  3 gargoyles
  4 hellions
  2 rime drakes
  An eye of devastation (shapeshifter) (Vaults:5)
  A yaktaur (shapeshifter) (D:10)
  29 yaktaurs
  A centaur skeleton (Abyss:3)
  Psyche (D:8)
  2 freezing wraiths (Vaults:5)
  5 human skeletons (Vaults:2)
  A yaktaur skeleton (Vaults:2)
  4 tormentors
  14 komodo dragons
  2 efreet
  2 tengu conjurers
  3 ice devils
  3 red devils
  5 hellwings (Pan)
  A polar bear (Vaults:3)
  10 ancient zymes
  A troll (shapeshifter) (Depths:3)
  8 tyrant leeches
  9 trolls
  A meliai (shapeshifter) (Vaults:5)
  18 tarantellas
  A meliai (Lair:3)
  11 hornets
  A bloated husk (Swamp:3)
  24 blink frogs
  14 raiju (Abyss:3)
  A dream sheep (shapeshifter) (Vaults:3)
  27 flying skulls
  8 glass eyes
  4 air elementals
  A jumping spider (shapeshifter) (Vaults:5)
  A shadow (D:7)
  108 slime creatures
  22 jumping spiders
  17 small abominations
  9 wraiths
  4 water elementals
  18 culicivoras
  5 ynoxinuls (Pan)
  9 fire bats (Abyss:3)
  15 golden eyes
  A hog (D:14)
  6 wyverns
  A yak (shapeshifter) (Abyss:3)
  36 yaks
  8 fire elementals
  8 basilisks
  34 starcursed masses
  A human (D:14)
  A redback (shapeshifter) (Zig:3)
  17 neqoxecs
  A steam dragon (D:9)
  15 chaos spawn
  18 swamp worms
  64 redbacks
  21 vampire mosquitoes
  A swamp worm (shapeshifter) (Vaults:5)
  An acid dragon (D:9)
  A harpy simulacrum (Abyss:3)
  2 nagas
  12 water moccasins
  A glowing shapeshifter skeleton (Vaults:2)
  3 hell hounds (D:14)
  8 swamp drakes
  A naga skeleton (Pan)
  A sky beast (D:6)
  A black bear (D:6)
  35 orc warriors
  An ice beast (D:6)
  A black bear (shapeshifter) (Depths:3)
  10 ogres
  3 boggarts (Vaults:1)
  25 centaurs
  28 wolves
  3 lemures (D:9)
  A phantom (D:4)
  22 bullfrogs
  5 kobold brigands
  6 earth elementals
  A human simulacrum (Depths:2)
  4 gnoll sergeants
  10 scorpions
  23 wights
  19 killer bees
  5 electric eels
  6 howler monkeys
  4 crimson imps (D:6)
  3 bullfrog zombies (D:6)
  2 hounds (D:6)
  2 jellies
  3 quasits
  3 centaur zombies (D:6)
  37 orc priests
  A gnoll bouda (D:8)
  4 iron imps (Abyss:3)
  A sleepcap (D:7)
  2 iguanas
  29 orc wizards
  A killer bee zombie (D:6)
  8 adders
  21 gnolls
  4 river rats (D:6)
  4 shadow imps
  3 white imps
  8 ufetubi
  3 worms
  3 dart slugs
  112 orcs
  9 ball pythons
  7 bats
  5 endoplasms
  3 giant cockroaches
  7 goblins
  10 hobgoblins
  2 jackals (D:4)
  26 kobolds
  2 quokkas
  3 frilled lizards
  A goblin skeleton (D:3)
  2 goblin zombies (D:3)
  3 hobgoblin zombies (D:3)
  A kobold skeleton (D:3)
  A kobold zombie (D:3)
  7 rats
  4 starspawn tentacles (Abyss:3)
2943 creatures vanquished.

Vanquished Creatures (collateral kills)
  A pandemonium lord (Zot:5)
  An ancient lich (Zot:5)
  2 Killer Klowns (Zot:5)
  A curse toe (Zot:5)
  An electric golem (Zot:5)
  16 Orb Guardians (Zot:5)
  A death cob (Zot:5)
  A shadow dragon (Zot:5)
  A draconian knight (Zot:5)
  A draconian monk (Zot:5)
  A draconian scorcher (Zot:5)
  A ghost moth (Zot:5)
  3 black draconians (Zot:5)
  A red draconian (Zot:5)
  2 white draconians (Zot:5)
  2 yellow draconians (Zot:5)
  A purple draconian (Zot:5)
  A sun demon (Zot:5)
  2 moths of wrath (Zot:5)
  A neqoxec (Zot:5)
  A chaos spawn (Zot:5)
42 creatures vanquished.

Vanquished Creatures (others)
  2 dread liches (Zot:5)
  3 orbs of fire (Zot:5)
  An ancient lich (Zot:5)
  3 Killer Klowns (Zot:5)
  A golden dragon (Zot:5)
  5 Orb Guardians (Zot:5)
  2 tentacled monstrosities (Zot:5)
  An eldritch tentacle (Pan)
  A draconian knight (Zot:1)
  A draconian scorcher (Zot:5)
  A draconian stormcaller (Zot:4)
  A draconian annihilator (Zot:5)
  A demonspawn blood saint (Pan)
  A lorocyproca (Pan)
  A yellow draconian (Zot:5)
  A blizzard demon (Pan)
  An arcanist (D:5)
  A bloated husk (Swamp:2)
  A human (D:15)
  A redback (Spider:4)
  3 chaos spawn
  An orc warrior (Vaults:5)
  An orc priest (Orc:2)
  An orc (Orc:2)
  10 foxfires
  A lurking horror (Abyss:1)
  18 starspawn tentacles
65 creatures vanquished.

Grand Total: 3050 creatures vanquished

Notes
Turn   | Place    | Note
-------+----------+-------------------------------------------
     0 | D:1      | PurpleRed the Human Shapeshifter began the quest for the
                  | Orb.
     0 | D:1      | Reached XP level 1. HP: 15/15 MP: 1/1
    63 | D:1      | Reached XP level 2. HP: 21/21 MP: 2/2
   267 | D:1      | Reached XP level 3. HP: 21/27 MP: 3/3
   705 | D:2      | Found a faded altar of an unknown god.
   813 | D:2      | Found a basalt altar of Yredelemnul.
  1024 | D:2      | Reached XP level 4. HP: 32/33 MP: 4/4
  1382 | D:3      | Found a glowing golden altar of the Shining One.
  1606 | D:3      | Found a blossoming altar of Fedhas.
  2179 | D:3      | Reached XP level 5. HP: 38/39 MP: 5/5
  2549 | D:3      | Reached skill level 5 in Unarmed Combat
  2712 | D:4      | Found an opulent altar of Gozag.
  2766 | D:4      | Became a worshipper of Gozag Ym Sagoz the Greedy
  2780 | D:4      | You fall into a shaft and drop 1 floor!
  2780 | D:5      | Entered Level 5 of the Dungeon
  2904 | D:5      | Reached XP level 6. HP: 44/47 MP: 6/6
  2918 | D:5      | Noticed an ogre
  2918 | D:5      | Noticed an ogre
  3051 | D:5      | Found Ocuff's Distillery.
  3058 | D:5      | Identified the +2 dagger "Opruenonn" {drain, rC++ rN+}
  3078 | D:5      | Found a bloodstained altar of Trog.
  3092 | D:5      | Reached XP level 7. HP: 22/53 MP: 7/7
  3207 | D:5      | Noticed an arcanist
  3214 | D:5      | Killed an arcanist
  3240 | D:4      | Found a snail-covered altar of Cheibriados.
  4016 | D:5      | Reached XP level 8. HP: 27/61 MP: 8/8
  4124 | D:5      | Bought a potion of heal wounds for 50 gold pieces
  4124 | D:5      | Bought a potion of heal wounds for 50 gold pieces
  4124 | D:5      | Bought a potion of enlightenment for 50 gold pieces
  4316 | D:5      | Reached skill level 5 in Fighting
  4809 | D:4      | Reached skill level 1 in Armour
  5264 | D:4      | Found an ancient bone altar of Kikubaaqudgha.
  5428 | D:6      | Reached XP level 9. HP: 69/69 MP: 9/9
  5629 | D:6      | Found a shimmering altar of Xom.
  5804 | D:6      | Found a shimmering altar of Xom.
  6001 | D:6      | Found a staircase to the Ecumenical Temple.
  6124 | Temple   | Entered the Ecumenical Temple
  6238 | D:6      | Found a large runed translucent door.
  6238 | D:6      | Found a large runed translucent door.
  6319 | D:6      | Reached skill level 10 in Unarmed Combat
  6360 | D:6      | Found a basalt altar of Yredelemnul.
  7011 | D:6      | Identified the +2 ring mail of the Black Moon {+Blink rElec
                  | Dex-2}
  7067 | D:6      | Found a white marble altar of Elyvilon.
  7071 | D:6      | Found a burning altar of Makhleb.
  7116 | Bailey   | Identified the "Duwan"
  7311 | D:7      | Found a shadowy altar of Dithmenos.
  7330 | D:7      | Found a flagged portal.
  7368 | D:7      | Reached XP level 10. HP: 60/79 MP: 10/10
  7444 | Bailey   | Entered a bailey
  7848 | Bailey   | Noticed an orc knight
  7864 | Bailey   | Killed an orc knight
  7960 | Bailey   | Found a large runed translucent door.
  7960 | Bailey   | Found a large runed translucent door.
  7961 | Bailey   | Noticed a deep elf zephyrmancer
  7963 | Bailey   | Found the +2 hat of the Bear Spirit {Spirit, Bear, *Rage
                  | Will++}
  8128 | Bailey   | Killed a deep elf zephyrmancer
  8799 | D:7      | Noticed a cyclops
  8837 | D:7      | Reached XP level 11. HP: 33/87 MP: 5/11
  9080 | D:7      | Killed a cyclops
  9633 | D:8      | Noticed Joseph
  9651 | D:8      | Killed Joseph
  9810 | D:8      | Noticed Maggie
  9833 | D:8      | Killed Maggie
 10045 | D:8      | Noticed Psyche
 10055 | D:8      | Killed Psyche
 10059 | D:8      | Reached skill level 5 in Armour
 10176 | D:8      | Noticed a lindwurm
 10177 | D:8      | Noticed a lindwurm
 10197 | D:8      | Noticed a lindwurm
 10641 | D:8      | Noticed a lindwurm
 11268 | D:9      | Found Tuxkamo's Book Shoppe.
 11268 | D:9      | Noticed Erica
 11321 | D:9      | Killed Erica
 11322 | D:9      | Reached skill level 10 in Fighting
 11573 | D:9      | Reached XP level 12. HP: 97/97 MP: 9/12
 11658 | D:9      | Noticed Pikel
 11846 | D:9      | Killed Pikel
 12465 | D:9      | Found a staircase to the Lair.
 12550 | D:10     | Entered Level 10 of the Dungeon
 12559 | D:10     | Bought a +5 ring of evasion for 540 gold pieces
 13221 | D:10     | Found a stormy altar of Qazlal.
 13292 | D:10     | Noticed a tengu warrior
 13292 | D:10     | Noticed a centaur warrior
 13297 | D:10     | Found a runed translucent door.
 13390 | D:10     | Reached skill level 5 in Shapeshifting
 13397 | D:10     | Noticed a two-headed ogre
 13401 | D:10     | Killed a two-headed ogre
 13470 | D:10     | Noticed a two-headed ogre
 13476 | D:10     | Killed a two-headed ogre
 13762 | D:10     | Noticed a two-headed ogre
 13781 | D:10     | Killed a two-headed ogre
 13782 | D:10     | Reached skill level 15 in Unarmed Combat
 13901 | D:10     | Noticed a two-headed ogre
 13910 | D:10     | Killed a two-headed ogre
 14111 | D:10     | Reached XP level 13. HP: 103/103 MP: 13/13
 14537 | D:10     | Identified the ring "Fudir" {*Corrode rF+ Dex-2 Slay+5
                  | Stlth+}
 14537 | D:10     | Noticed a centaur warrior
 14548 | D:10     | Killed a centaur warrior
 14558 | D:10     | Identified the amulet "Ubirch Ytoi" {RegenMP Fly rElec rN+}
 14558 | D:10     | Noticed an ogre mage
 14572 | D:10     | Killed an ogre mage
 14656 | D:10     | Identified the ring "Quriuhaf" {Str+6 Int+2}
 14676 | D:10     | Identified the ring "Zaruuret" {rPois rF- rCorr Slay+2
                  | SInv}
 14793 | D:10     | Killed a centaur warrior
 14874 | D:11     | Noticed Maurice
 14878 | D:11     | Killed Maurice
 15812 | D:12     | Reached skill level 10 in Shapeshifting
 16009 | D:12     | Found an opulent altar of Gozag.
 16462 | D:12     | Found a staircase to the Orcish Mines.
 17014 | D:13     | Noticed a centaur warrior
 17088 | D:13     | Killed a centaur warrior
 17327 | D:13     | Noticed an eight-headed hydra
 17486 | D:13     | Killed an eight-headed hydra
 17490 | D:13     | Reached XP level 14. HP: 87/110 MP: 14/14
 17688 | D:13     | Found Peoxe's Jewellery Shop.
 17822 | D:13     | Reached skill level 5 in Dodging
 18102 | D:13     | Noticed Josephine
 18115 | D:13     | Killed Josephine
 18331 | Lair:1   | Entered Level 1 of the Lair of Beasts
 20377 | Lair:3   | Found a hole to the Spider Nest.
 20507 | Lair:3   | Found a staircase to the Swamp.
 21817 | Lair:4   | Noticed Rupert
 21817 | Lair:4   | Paralysed by Rupert for 2 turns
 21833 | Lair:4   | Killed Rupert
 21834 | Lair:4   | Reached XP level 15. HP: 119/119 MP: 12/15
 22153 | Lair:5   | Entered Level 5 of the Lair of Beasts
 22647 | Lair:5   | Bought a heavily runed buckler for 228 gold pieces
 22647 | Lair:5   | Identified the +3 buckler of the Gardener {Will+ SInv} (You
                  | bought it in a shop on level 5 of the Lair of Beasts)
 23661 | Lair:5   | Identified a scroll of acquirement
 23662 | Lair:5   | Acquired a manual of Shapeshifting
 23792 | Lair:5   | Noticed Urug
 23812 | Lair:5   | Killed Urug
 23991 | Lair:5   | Found a viscous altar of Jiyva.
 23991 | Lair:5   | Found a staircase to the Slime Pits.
 24959 | D:14     | Found the +3 giant club "Skullcrusher" {speed, Str+7}
 25322 | D:14     | Noticed Azrael
 25345 | D:14     | Killed Azrael
 25346 | D:14     | Reached XP level 16. HP: 130/130 MP: 14/16
 25487 | D:14     | Found Datuycuo's Magic Scroll Shoppe.
 25491 | D:14     | Bought a scroll of blinking for 105 gold pieces
 25491 | D:14     | Bought a scroll of teleportation for 42 gold pieces
 25491 | D:14     | Bought a scroll of fear for 56 gold pieces
 25491 | D:14     | Bought a scroll of butterflies for 56 gold pieces
 25776 | D:14     | Found a gate to the Vaults.
 26394 | D:15     | Entered Level 15 of the Dungeon
 26429 | D:15     | Noticed Nessos
 26446 | D:15     | Killed Nessos
 26835 | D:15     | Identified the +3 halberd "Naggoviasch" {spect, rElec rCorr
                  | Dex+4}
 27114 | D:15     | Found a staircase to the Depths.
 27125 | D:15     | Noticed Kirke
 27357 | D:15     | Killed Kirke
 27517 | D:15     | Found Eczext's Book Boutique.
 27588 | D:15     | Reached skill level 15 in Shapeshifting
 27964 | Orc:1    | Entered Level 1 of the Orcish Mines
 28014 | D:13     | Bought a dragon-blood talisman for 900 gold pieces
 28099 | D:10     | Bought the amulet of Wudeej {Faith +Blink rC+ Slay+5} for
                  | 1230 gold pieces
 28713 | Orc:1    | Noticed Jorgrun
 28732 | Orc:1    | Found Geboll's Armour Emporium.
 29161 | Orc:1    | Killed Jorgrun
 29409 | Orc:2    | Entered Level 2 of the Orcish Mines
 30810 | Orc:2    | Found a staircase to the Elven Halls.
 30873 | Orc:2    | Found Goclaocw's Antique Armour Emporium.
 30874 | Orc:2    | Found Hamiphim's Antique Weapon Emporium.
 30876 | Orc:2    | Found Bozair's General Store.
 30876 | Orc:2    | Found Zarotzuz's Book Shoppe.
 30976 | Orc:2    | Bought a steaming ring mail for 234 gold pieces
 30976 | Orc:2    | Identified the +0 ring mail of Youthful Indiscretion
                  | {Will++ Regen+ Dex+5} (You bought it in a shop on level 2
                  | of the Orcish Mines)
 31291 | Orc:1    | Bought a scroll of fear for 60 gold pieces
 31291 | Orc:1    | Bought a scroll of revelation for 112 gold pieces
 31620 | Swamp:1  | Entered Level 1 of the Swamp
 31620 | Swamp:1  | Noticed Roxanne
 31648 | Swamp:1  | Reached XP level 17. HP: 137/137 MP: 17/17
 31750 | Swamp:1  | Killed Roxanne
 34440 | Swamp:3  | Identified the +3 leather armour "Unoul" {Drain Int+5
                  | Dex+4}
 34631 | Swamp:4  | Entered Level 4 of the Swamp
 34709 | Swamp:4  | Reached skill level 15 in Fighting
 34746 | Swamp:4  | Noticed a thorn hunter
 34760 | Swamp:4  | Killed a thorn hunter
 35090 | Swamp:4  | Reached XP level 18. HP: 145/149 MP: 18/18
 35655 | Swamp:4  | Got a decaying rune of Zot
 35910 | Spider:1 | Entered Level 1 of the Spider Nest
 37385 | Spider:2 | Noticed Arachne
 37400 | Spider:2 | Killed Arachne
 37863 | Spider:2 | Reached skill level 10 in Dodging
 38581 | Spider:3 | Identified the +2 war axe of the Morning {drain, rC+ Str-4
                  | Int+3}
 38696 | Spider:3 | Reached XP level 19. HP: 157/157 MP: 19/19
 38840 | Spider:3 | Noticed Donald
 38852 | Spider:3 | Killed Donald
 39207 | Spider:4 | Entered Level 4 of the Spider Nest
 39849 | Spider:3 | Bought a crude scarf for 360 gold pieces
 39849 | Spider:3 | Identified the scarf of the Doldrums {+Inv, Str+5} (You
                  | bought it in a shop on level 3 of the Spider Nest)
 39849 | Spider:3 | Bought a polished scale mail for 324 gold pieces
 39849 | Spider:3 | Identified the +0 scale mail "Zyix" {-Cast rElec Regen+}
                  | (You bought it in a shop on level 3 of the Spider Nest)
 40793 | Spider:4 | Got a gossamer rune of Zot
 41168 | Vaults:5 | Identified the of Utasmoq
 41168 | Crypt:3  | Identified the "Miumm"
 41168 | Elf:1    | Identified the "Xetruh"
 41168 | Elf:1    | Entered Level 1 of the Elven Halls
 41427 | Elf:1    | Reached XP level 20. HP: 115/168 MP: 20/20
 41905 | Elf:1    | Found Zaq Poi's Antique Weapon Boutique.
 42642 | Elf:2    | Found a magical portal.
 42680 | Elf:2    | Paralysed by an air elemental for 1 turns
 42742 | WizLab   | Entered Wucad Mu's Monastery
 42847 | WizLab   | Found the crystal ball of Wucad Mu {*channel}
 42853 | WizLab   | HP: 1/168 [deep troll[the Statue of Wucad Mu] (13)]
 43099 | Elf:2    | Found a runed translucent gate.
 43099 | Elf:2    | Found a runed translucent gate.
 43100 | Elf:2    | Found a runed translucent gate.
 43239 | Elf:2    | Found a stormy altar of Qazlal.
 44080 | Elf:3    | Identified the "Byulyraro"
 44080 | Elf:3    | Identified the "Kuirgh"
 44080 | Elf:3    | Identified the "Bucev"
 44080 | Elf:3    | Identified the of Woptax
 44080 | Elf:3    | Entered Level 3 of the Elven Halls
 44142 | Elf:3    | Found Tiyp's Antique Armour Shop.
 44177 | Elf:3    | Found a portal to a secret trove of treasure.
 45261 | Elf:3    | Gained mutation: Your spells are a little easier to cast,
                  | but a little less powerful. [a cacodemon]
 45276 | Elf:3    | Noticed a Hell Sentinel
 45282 | Elf:3    | Paralysed by an air elemental for 1 turns
 45482 | Elf:3    | Identified the +2 war axe of Hiapejuu {drain, Fly Stlth+}
 45838 | Elf:3    | Identified the +1 robe of Infinity {rF+ rN+ Str-5 Int+3}
 46130 | Elf:3    | Reached XP level 21. HP: 176/176 MP: 17/21
 46266 | Elf:3    | Identified the +4 whip "Leviticus" {heavy, *Noise rF+ MP+9
                  | Str+3}
 47827 | Elf:3    | Found the +1 cloak of Starlight {*Dazzle EV+4 Stlth--}
 48106 | Vaults:1 | Entered Level 1 of the Vaults
 49653 | Vaults:1 | Identified the ring "Dewked" {Fly rElec rC++}
 50027 | Vaults:1 | You are sucked into a shaft and drop 1 floor!
 50054 | Vaults:2 | Reached skill level 10 in Armour
 50299 | Vaults:2 | Identified the +1 leather armour "Baonnaff" {Int+4}
 50430 | Vaults:2 | Reached XP level 22. HP: 185/185 MP: 22/22
 51064 | Vaults:2 | Found a staircase to the Crypt.
 51537 | Vaults:3 | Found a flickering gateway to a bazaar.
 51550 | Bazaar   | Entered a bazaar
 51550 | Bazaar   | Found Kimi's Antique Weapon Shop.
 51562 | Bazaar   | Found Zistrumi's Distillery.
 51570 | Bazaar   | Bought a potion of heal wounds for 60 gold pieces
 51570 | Bazaar   | Bought a potion of curing for 36 gold pieces
 51570 | Bazaar   | Bought a potion of curing for 36 gold pieces
 51570 | Bazaar   | Bought a potion of resistance for 120 gold pieces
 51570 | Bazaar   | Bought a potion of might for 48 gold pieces
 51570 | Bazaar   | Bought a potion of might for 48 gold pieces
 51570 | Bazaar   | Bought a potion of enlightenment for 60 gold pieces
 51570 | Bazaar   | Bought a potion of enlightenment for 60 gold pieces
 51570 | Bazaar   | Bought a potion of attraction for 36 gold pieces
 51570 | Bazaar   | Bought a potion of attraction for 36 gold pieces
 51592 | Bazaar   | Found Xoamn's Antique Armour Shop.
 51600 | Bazaar   | Bought a glowing helmet for 307 gold pieces
 51649 | Vaults:3 | Noticed Frederick
 51666 | Vaults:3 | Killed Frederick
 52812 | Vaults:3 | Reached XP level 23. HP: 195/195 MP: 23/23
 54514 | Crypt:1  | Entered Level 1 of the Crypt
 54546 | Crypt:1  | Noticed Grunn
 55108 | Depths:1 | Entered Level 1 of the Depths
 55417 | Depths:1 | Found a one-way gateway to a ziggurat.
 55436 | Depths:1 | Found a one-way gate to the infinite horrors of the Abyss.
 55567 | Depths:1 | Noticed Saint Roka
 55579 | Depths:1 | Killed Saint Roka
 55580 | Depths:1 | Reached skill level 1 in Spellcasting
 55633 | Depths:1 | Found Yqaarhys's Book Shoppe.
 55646 | Depths:1 | Learned a level 4 spell: Manifold Assault
 55649 | Depths:1 | Learned a level 2 spell: Wereblood
 55722 | Depths:1 | Reached skill level 1 in Shields
 55735 | Depths:1 | Found Big Baal Hell's Store.
 55771 | Depths:1 | Found a gateway to Hell.
 56090 | Depths:1 | Found a snail-covered altar of Cheibriados.
 56254 | Depths:1 | Bought a scroll of teleportation for 129 gold pieces
 56256 | Depths:1 | Bought a potion of ambrosia for 80 gold pieces
 56256 | Depths:1 | Bought a potion of curing for 30 gold pieces
 56256 | Depths:1 | Bought a potion of heal wounds for 50 gold pieces
 56256 | Depths:1 | Bought a potion of invisibility for 80 gold pieces
 56256 | Depths:1 | Bought a potion of mutation for 80 gold pieces
 56256 | Depths:1 | Bought a potion of attraction for 30 gold pieces
 56258 | Depths:1 | Bought a potion of curing for 108 gold pieces
 56258 | Depths:1 | Bought a potion of haste for 360 gold pieces
 56258 | Depths:1 | Bought 2 potions of heal wounds for 360 gold pieces
 56260 | Depths:1 | Bought a potion of might for 144 gold pieces
 56269 | Depths:2 | Noticed Norris
 56283 | Depths:2 | Killed Norris
 56334 | Depths:2 | Identified the +1 ring mail of Complete Protection {rN+
                  | Int+3}
 56398 | Depths:2 | Reached XP level 24. HP: 202/204 MP: 24/29
 56660 | Depths:2 | Reached skill level 5 in Spellcasting
 56760 | Depths:2 | Identified the staff of Tartarus {Fragile rPois rC+ Int+5
                  | Ice}
 56881 | Depths:2 | Found a bloodstained altar of Trog.
 57232 | Depths:2 | Found a one-way gate leading to the halls of Pandemonium.
 57371 | Depths:3 | Reached skill level 1 in Translocations
 57513 | Depths:3 | Noticed Louise
 57533 | Depths:3 | Killed Louise
 57593 | Depths:3 | Noticed a golden dragon
 57594 | Depths:3 | Noticed a golden dragon
 57607 | Depths:3 | Killed a golden dragon
 57615 | Depths:3 | Killed a golden dragon
 57642 | Depths:3 | Reached skill level 5 in Shields
 57642 | Depths:3 | Noticed a juggernaut
 57642 | Depths:3 | Noticed a golden dragon
 57646 | Depths:3 | Noticed an ancient lich
 57651 | Depths:3 | Killed a golden dragon
 57662 | Depths:3 | Killed an ancient lich
 57673 | Depths:3 | Reached skill level 15 in Dodging
 57682 | Depths:3 | Killed a juggernaut
 58263 | Depths:3 | Identified the +0 pair of boots of Lushosm {rF+ rC+}
 58273 | Depths:3 | Identified the amulet "Diliel" {Faith rC+ SInv}
 58379 | Depths:3 | Reached skill level 5 in Translocations
 59134 | Depths:4 | Entered Level 4 of the Depths
 59144 | Depths:4 | Noticed Boris
 59375 | Depths:4 | Reached XP level 25. HP: 210/210 MP: 30/32
 59627 | Depths:4 | Found a gate to the Realm of Zot.
 59761 | Depths:4 | Killed Boris
 59876 | Depths:4 | Found Linadgh's Gadget Gallery.
 60612 | Slime:1  | Entered Level 1 of the Pits of Slime
 61823 | Slime:5  | Identified the "Gyukosch"
 61823 | Slime:5  | Entered Level 5 of the Pits of Slime
 62139 | Slime:5  | Noticed the Royal Jelly
 62189 | Slime:5  | Killed the Royal Jelly
 62190 | Slime:5  | Reached skill level 10 in Spellcasting
 62595 | Slime:5  | Got a slimy rune of Zot
 62600 | Slime:5  | Identified the amulet of Nemelex Xobeh's Favour {Acrobat
                  | rPois}
 62655 | Slime:5  | Identified the +10 glaive "Xuceineg" {elec, rElec Int-4
                  | Dex+7 Stlth+}
 63145 | Vaults:4 | Lost mutation: Your spells are a little easier to cast, but
                  | a little less powerful. [potion of mutation]
 63145 | Vaults:4 | Gained mutation: You have a pair of small antennae on your
                  | head. [potion of mutation]
 63145 | Vaults:4 | Gained mutation: You are resistant to electric shocks.
                  | (rElec) [potion of mutation]
 63145 | Vaults:4 | Gained mutation: Your muscles are strong. (Str +4, Int/Dex
                  | -1) [potion of mutation]
 63147 | Vaults:5 | Entered Level 5 of the Vaults
 63183 | Vaults:4 | Reached XP level 26. HP: 202/218 MP: 31/37
 63583 | Elf:3    | You paid a toll of 19 potions of curing to enter a treasure
                  | trove
 63584 | Trove    | Entered a treasure trove
 63642 | Trove    | Identified the +7 halberd of the Ancients {holy, rN++ rCorr
                  | Str-5}
 63657 | Trove    | Reached skill level 10 in Translocations
 63657 | Trove    | Reached XP level 27. HP: 224/224 MP: 37/37
 63662 | Trove    | Identified the amulet of the Forsaken Nightcaps {Faith
                  | Str+4}
 63663 | Trove    | Identified the amulet of Xom's Malicious Joy {Acrobat rC+
                  | rN+}
 64497 | Vaults:5 | Identified the scarf of Filigreed Music {harm, rElec rC+}
 64530 | Vaults:5 | Identified the staff "Xuasch" {rC- rN+ Str+7 Necro}
 64584 | Vaults:5 | Identified the ring of Noxoac {Fly AC+4 Str+3}
 64613 | Vaults:5 | Identified the +8 executioner's axe of Vysacuan {heavy,
                  | *Noise Str+4}
 64673 | Vaults:5 | Identified the storm talisman of the Eternal Void {rC+ rN++
                  | Int-4}
 65577 | Vaults:5 | Got a silver rune of Zot
 66004 | Vaults:5 | Identified the staff of Otacynn {rElec rPois rC+++ Will-
                  | Stlth+ Poison}
 66005 | Vaults:5 | Identified the +4 ring mail of Akoskoat {Harm Int-3 Stlth+}
 66035 | Vaults:5 | Identified the ring "Piuliom" {rF+ Str+6}
 66465 | Depths:1 | Bought a scroll of teleportation for 84 gold pieces
 66465 | Depths:1 | Bought a potion of curing for 84 gold pieces
 66468 | Depths:1 | Voluntarily entered the Abyss.
 66776 | Abyss:3  | Paralysed by accursed screaming for 1 turns
 67100 | Abyss:3  | Paralysed by accursed screaming for 1 turns
 67105 | Abyss:3  | Paralysed by accursed screaming for 2 turns
 67546 | Abyss:3  | Noticed a dread lich
 67556 | Abyss:3  | Killed a dread lich
 67581 | Abyss:3  | Gained mutation: You are partially covered in large bone
                  | plates. (SH +4) [a neqoxec]
 67688 | Abyss:3  | Noticed an ancient lich
 67699 | Abyss:3  | Killed an ancient lich
 67720 | Abyss:3  | Got an abyssal rune of Zot
 67784 | Abyss:3  | Noticed a dread lich
 67808 | Abyss:3  | Killed a dread lich
 67814 | Abyss:3  | Noticed a dread lich
 67826 | Abyss:3  | Killed a dread lich
 67827 | Abyss:3  | Gained mutation: You sometimes lose your temper in combat.
                  | [a neqoxec]
 67891 | Depths:1 | Escaped the Abyss
 67904 | Tomb:3   | Identified the "Vudoolia"
 67904 | Tomb:3   | Identified the "Sefaggiv"
 67904 | Tomb:3   | Identified the of Woded
 67904 | Tomb:3   | Identified the "Vut Duna"
 67904 | Geh:7    | Identified the of Vesafraff
 67904 | Pan      | Identified the of Bucwei
 67904 | Pan      | Identified the "Sahaull"
 67904 | Pan      | Identified the "Osuewk"
 67904 | Zig:1    | Entered Level 1 of a ziggurat
 67924 | Zig:2    | Entered Level 2 of a ziggurat
 67972 | Zig:3    | Entered Level 3 of a ziggurat
 68046 | Zig:4    | Entered Level 4 of a ziggurat
 68089 | Zig:5    | Identified the "Polimemeh"
 68089 | Zig:5    | Entered Level 5 of a ziggurat
 68094 | Zig:5    | Noticed a dread lich
 68101 | Zig:5    | Killed a dread lich
 68171 | Zig:6    | Entered Level 6 of a ziggurat
 68259 | Zig:7    | Entered Level 7 of a ziggurat
 68320 | Zig:7    | Acquired the +11 plate armour of Wisdom {-Cast +Inv Dex+5}
 68325 | Zig:8    | Entered Level 8 of a ziggurat
 68331 | Zig:8    | Noticed Xocw's ghost (legendary GrMo)
 68363 | Zig:8    | Killed Xocw's ghost
 68463 | Zig:8    | Identified the ring "Itzaip" {rF+ rC- Str+6 Slay+2}
 68469 | Zig:8    | Identified the amulet "Riep" {rC+++ Regen+ Str-4 Int+2}
 68471 | Zig:8    | Identified the ring "Pymec" {EV+5 Dex+3}
 68497 | Zig:9    | Entered Level 9 of a ziggurat
 68576 | Zig:9    | Identified the +0 rapier of Makhleb's Outrage {flame, rElec
                  | Int+2}
 68578 | Zig:9    | Identified the +3 scale mail of Limited Liability {rCorr}
 68584 | Zig:9    | Identified the amulet "Miwnet" {Acrobat rF+ Dex+3 Stlth+}
 68705 | Zig:10   | Entered Level 10 of a ziggurat
 68917 | Zig:10   | Identified the ring of Soikeni {rPois Int+4 Dex+5}
 69052 | Zot:1    | Entered Level 1 of the Realm of Zot
 69060 | Zot:1    | Reached skill level 10 in Shields
 69682 | Zot:1    | Noticed a Killer Klown
 69689 | Zot:1    | Killed a Killer Klown
 69796 | Zot:1    | Noticed a Killer Klown
 69808 | Zot:1    | Noticed an orb of fire
 69820 | Zot:1    | Killed an orb of fire
 69827 | Zot:1    | Killed a Killer Klown
 70827 | Zot:2    | Reached skill level 15 in Shields
 71447 | Zot:2    | Reached skill level 27 in Shapeshifting
 72729 | Zot:4    | Noticed a Killer Klown
 72740 | Zot:4    | Killed a Killer Klown
 73585 | Zot:4    | Identified the +6 halberd of Change {drain, rElec rPois
                  | Int+3}
 73664 | Zot:4    | Acquired a manual of Evocations
 74061 | Zot:4    | Reached skill level 1 in Evocations
 74637 | Pan      | Entered Pandemonium
 74806 | Pan      | Found a glowing silver altar of Zin.
 75095 | Pan      | Reached skill level 5 in Evocations
 75113 | Pan      | Identified the ring "Fuefelis" {Wiz rElec rC+ Int+3}
 75113 | Pan      | Noticed a seraph
 75131 | Pan      | Killed a seraph
 75302 | Pan      | Found a glowing golden altar of the Shining One.
 75326 | Pan      | Got a demonic rune of Zot
 75329 | Pan      | Identified the +8 whip of Zosofuet {venom, *Slow Str+9}
 75889 | Pan      | Noticed Beamm the pandemonium lord
 75896 | Pan      | Killed Beamm the pandemonium lord
 75958 | Pan      | Identified the staff of the Iron City of Dis {Drain rPois
                  | rCorr Dex+6 Poison}
 76000 | Pan      | Entered the realm of Mnoleg.
 76110 | Pan      | Gained mutation: You are partially covered in iridescent
                  | scales. (AC +2) [a cacodemon]
 76111 | Pan      | Gained mutation: You occasionally lose the ability to drink
                  | potions when taking damage. [a neqoxec]
 76117 | Pan      | Gained mutation: You are dopey. (Int -2) [a neqoxec]
 76120 | Pan      | Gained mutation: You are clumsy. (Dex -2) [a neqoxec]
 76120 | Pan      | Gained mutation: You occasionally shout uncontrollably at
                  | your foes. [a neqoxec]
 76122 | Pan      | Gained mutation: You sometimes lose the ability to drink
                  | potions when taking damage. [a neqoxec]
 76175 | Pan      | Gained mutation: You are very clumsy. (Dex -4) [a shining
                  | eye]
 76185 | Pan      | Lost mutation: Your muscles are strong. (Str +4, Int/Dex
                  | -1) [potion of mutation]
 76185 | Pan      | Lost mutation: You are very clumsy. (Dex -4) [potion of
                  | mutation]
 76185 | Pan      | Lost mutation: You are partially covered in iridescent
                  | scales. (AC +2) [potion of mutation]
 76185 | Pan      | Gained mutation: You are covered in fur. (AC +1) [potion of
                  | mutation]
 76185 | Pan      | Gained mutation: You have an uncontrollable temper. [potion
                  | of mutation]
 76185 | Pan      | Gained mutation: You expend magic power (3 MP) to
                  | strengthen your wands. [potion of mutation]
 76267 | Pan      | Noticed Mnoleg
 76291 | Pan      | Killed Mnoleg
 76316 | Pan      | Gained mutation: You are frail. (-10% HP) [a neqoxec]
 76329 | Pan      | Reached skill level 10 in Evocations
 76374 | Pan      | Gained mutation: You are very clumsy. (Dex -4) [a
                  | cacodemon]
 76444 | Pan      | Got a glowing rune of Zot
 76514 | Pan      | Lost mutation: You are very clumsy. (Dex -4) [potion of
                  | mutation]
 76514 | Pan      | Lost mutation: You are resistant to electric shocks.
                  | (rElec) [potion of mutation]
 76514 | Pan      | Gained mutation: You frequently scream uncontrollably at
                  | your foes. [potion of mutation]
 76515 | Pan      | Lost mutation: You have a pair of small antennae on your
                  | head. [potion of mutation]
 76515 | Pan      | Lost mutation: You are covered in fur. (AC +1) [potion of
                  | mutation]
 76515 | Pan      | Lost mutation: You are frail. (-10% HP) [potion of
                  | mutation]
 76515 | Pan      | Lost mutation: You are partially covered in large bone
                  | plates. (SH +4) [potion of mutation]
 76515 | Pan      | Gained mutation: You have hidden genetic potential. [potion
                  | of mutation]
 76516 | Pan      | Lost mutation: You expend magic power (3 MP) to strengthen
                  | your wands. [potion of mutation]
 76516 | Pan      | Lost mutation: You are clumsy. (Dex -2) [potion of
                  | mutation]
 76516 | Pan      | Lost mutation: You frequently scream uncontrollably at your
                  | foes. [potion of mutation]
 76516 | Pan      | Lost mutation: You occasionally shout uncontrollably at
                  | your foes. [potion of mutation]
 76516 | Pan      | Gained mutation: You have large cloven feet. [potion of
                  | mutation]
 76517 | Pan      | Lost mutation: You have hidden genetic potential. [potion
                  | of mutation]
 76517 | Pan      | Lost mutation: You have large cloven feet. [potion of
                  | mutation]
 76517 | Pan      | Lost mutation: You are dopey. (Int -2) [potion of mutation]
 76517 | Pan      | Gained mutation: You are dopey. (Int -2) [potion of
                  | mutation]
 76517 | Pan      | Gained mutation: You have a pair of small horns on your
                  | head. [potion of mutation]
 76518 | Pan      | Lost mutation: You have a pair of small horns on your head.
                  | [potion of mutation]
 76518 | Pan      | Lost mutation: You are dopey. (Int -2) [potion of mutation]
 76518 | Pan      | Lost mutation: You sometimes lose the ability to drink
                  | potions when taking damage. [potion of mutation]
 76519 | Pan      | Lost mutation: You have an uncontrollable temper. [potion
                  | of mutation]
 76519 | Pan      | Lost mutation: You occasionally lose the ability to drink
                  | potions when taking damage. [potion of mutation]
 76519 | Pan      | Lost mutation: You sometimes lose your temper in combat.
                  | [potion of mutation]
 76519 | Pan      | Gained mutation: You possess an exceptional clarity of
                  | mind. [potion of mutation]
 76519 | Pan      | Gained mutation: You are partially covered in iridescent
                  | scales. (AC +2) [potion of mutation]
 76519 | Pan      | Gained mutation: You are agile. (Dex +4, Str/Int -1)
                  | [potion of mutation]
 76957 | Pan      | Entered the realm of Gloorx Vloq.
 76957 | Pan      | Found an exit through the horrors of the Abyss.
 77128 | Pan      | Noticed Gloorx Vloq
 77140 | Pan      | Killed Gloorx Vloq
 77281 | Pan      | Got a dark rune of Zot
 77788 | Pan      | Took an exit into the Abyss.
 77788 | Abyss:3  | Escaped into the Abyss
 77791 | Abyss:3  | Noticed an ancient lich
 77794 | Abyss:3  | Killed an ancient lich
 77804 | Depths:2 | Escaped the Abyss
 78017 | Zot:5    | Entered Level 5 of the Realm of Zot
 78349 | Zot:5    | Noticed an ancient lich
 78358 | Zot:5    | Noticed an ancient lich
 78359 | Zot:5    | Noticed a Killer Klown
 78360 | Zot:5    | Noticed an orb of fire
 78360 | Zot:5    | Noticed a Killer Klown
 78361 | Zot:5    | Noticed an orb of fire
 78363 | Zot:5    | Killed a Killer Klown
 78365 | Zot:5    | Noticed a Killer Klown
 78365 | Zot:5    | Noticed an orb of fire
 78365 | Zot:5    | Noticed an orb of fire
 78369 | Zot:5    | Killed a Killer Klown
 78371 | Zot:5    | Noticed an orb of fire
 78371 | Zot:5    | Noticed an orb of fire
 78372 | Zot:5    | Killed a dread lich
 78372 | Zot:5    | Killed an ancient lich
 78373 | Zot:5    | Noticed an orb of fire
 78374 | Zot:5    | Killed an orb of fire
 78375 | Zot:5    | Noticed an orb of fire
 78376 | Zot:5    | Killed a Killer Klown
 78382 | Zot:5    | Lost mutation: You are agile. (Dex +4, Str/Int -1)
                  | [mutagenic glow]
 78383 | Zot:5    | Gained mutation: You are frail. (-10% HP) [an orb of fire]
 78383 | Zot:5    | Noticed a dread lich
 78384 | Zot:5    | Killed an orb of fire
 78391 | Zot:5    | Killed an orb of fire
 78392 | Zot:5    | Noticed an orb of fire
 78394 | Zot:5    | Noticed a Killer Klown
 78412 | Zot:5    | Gained mutation: Your system is resistant to poisons.
                  | (rPois) [mutagenic glow]
 78413 | Zot:5    | Killed a Killer Klown
 78423 | Zot:5    | Gained mutation: Your spells are a little easier to cast,
                  | but a little less powerful. [mutagenic glow]
 78431 | Zot:5    | Killed a dread lich
 78656 | Zot:5    | Gained mutation: You occasionally shout uncontrollably at
                  | your foes. [an orb of fire]
 78657 | Zot:5    | Killed an orb of fire
 78908 | Zot:5    | Killed an orb of fire
 79384 | Zot:5    | Got the Orb of Zot
 79408 | Zot:5    | Noticed Gatif the pandemonium lord
 79419 | Zot:5    | Killed Gatif the pandemonium lord
 79521 | Zot:4    | Noticed Hurrek the pandemonium lord
 79785 | D:14     | Noticed Boris
 79792 | D:14     | Killed Boris
 79877 | D:9      | Noticed a seraph
 79883 | D:8      | Noticed a seraph
 79893 | D:8      | Killed a seraph
 80006 | D:3      | Noticed Duce the pandemonium lord
 80016 | D:3      | Killed Duce the pandemonium lord
 80017 | D:3      | Reached skill level 27 in Fighting
 80142 | D:1      | Noticed Pamu the pandemonium lord
 80154 | D:$      | Escaped with the Orb!

Illustrated notes

Levels and vault maps discovered:
D:1:      minmay_arrival_diagonal_passages, layout_rooms
D:2:      layout_rooms, nicolae_ecumenical_pavilion, basic_altar
D:3:      layout_basic, nicolae_tso_besieged_by_evil, fedhas_altar_3
D:4:      kennysheep_six_static_rooms, layout_gridville,
          nicolae_kikubaaqudgha_miasma_corner, mainiacjoe_overflow_tiny_flanked,
          mainiacjoe_overflow_brackets
D:5:      layout_rooms, trog_wizard, serial_shops, shop
D:6:      wad_woods_stonehenge, layout_basic, nicolae_yredelemnul_corpse_copse,
          led_xom_imps, jmf_multi_god_temple2, temple_doors_e
D:7:      minmay_blocky_corners, layout_cave_pools,
          nicolae_dithmenos_through_a_glass_darkly, enter_bailey_6
D:8:      cheibrodos_helix_gallery, layout_gridville, minmay_lindwurm_lava,
          uniq_joseph, uniq_maggie, uniq_psyche
D:9:      layout_rooms, erik_lair_dragon, serial_shops, shop, serial_glass,
          glass_columns_a, glass_columns_c, glass_columns_a, glass_columns_a,
          glass_columns_b, glass_columns_a, glass_columns_b, glass_columns_b,
          glass_columns_a, glass_columns_b, uniq_pikel, uniq_erica
D:10:     minmay_the_grid_triangle_9x9_rhombus_full
          [minmay_the_grid_triangle_9x9_swiss_cheese,
          minmay_the_grid_triangle_9x9_windchime,
          minmay_the_grid_triangle_9x9_subtriangle,
          minmay_the_grid_triangle_9x9_checkered,
          minmay_the_grid_triangle_9x9_semitri,
          minmay_the_grid_triangle_9x9_pentomino_pain,
          minmay_the_grid_triangle_9x9_flanged_cone,
          minmay_the_grid_triangle_9x9_prize_special], layout_irregular_city,
          grunt_qazlal_clouds
D:11:     layout_cave_pools, uniq_maurice
D:12:     layout_stronghold, david_orc_3,
          nicolae_gozag_cash_rules_everything_around_me
D:13:     layout_basic, serial_shops, nicolae_shop_tiny_waterfront,
          uniq_josephine
D:14:     layout_grid_maze, hellmonk_vaults_keyhole, serial_shops, shop,
          dreamdust_princess_corridor, minmay_guarded_unrand_skullcrusher,
          uniq_azrael
D:15:     grunt_enter_depths_giant_problem, layout_loops_cross, minivault_4,
          serial_shops, shop, uniq_nessos, uniq_kirke
Temple:   zaba_magenta_temple
Lair:1:   layout_gridlike, nicolae_lair_run_with_the_wolves, grunt_megastairs_5
Lair:2:   layout_cave_shapes, st_stairs_12, chequers_serial_rivers_small_a
Lair:3:   layout_regular_city, minmay_swamp_entry_swarm,
          hellmonk_spider_entry_not_the_bees, infiniplex_staircase_pool_2
Lair:4:   layout_loops_ring, pdpol_lair_cavern_descent, uniq_rupert
Lair:5:   minmay_lair_end_frog_pond, layout_long_grid, slime_entry_1,
          minivault_11, minivault_26, uniq_urug
Swamp:1:  layout_basic_swamp, serial_swamp_ruin, evilmike_swamp_ruin_wall,
          evilmike_swamp_ruin_house_1, evilmike_swamp_ruin_house_4,
          swamp_pool_1_2, uniq_roxanne
Swamp:2:  layout_basic_swamp, nicolae_swamp_stuck_in_the_mud, swamp_pool_1_2,
          nicolae_swamp_triple_paths, nicolae_swamp_stair_fork
Swamp:3:  layout_basic_swamp, nicolae_swamp_ascending_descending_big,
          nicolae_swamp_well_well_well, nicolae_swamp_tree_isthmus,
          infiniplex_staircase_pool
Swamp:4:  swamp_alternative, layout_basic_swamp
Spider:1: nicolae_spider_broodchamber
Spider:2: layout_chambers, uniq_arachne
Spider:3: cheibrodos_forgotten_conduit, uniq_donald
Spider:4: grunt_spider_rune_circles
Slime:1:  layout_caves, cheibrodos_slime_lost_civilization_7
Slime:2:  layout_caves
Slime:3:  layout_caves, nicolae_slime_crime_time
Slime:4:  layout_caves
Slime:5:  slime_pit_nicolae_trefoil
Orc:1:    layout_caves, serial_shops, shop, minmay_orc_temple_c, uniq_jorgrun
Orc:2:    st_orc_congregation, layout_caves
Elf:1:    eino_elf_arrival_customs, layout_geoelf_grid, serial_shops, shop,
          minmay_elf_demonology
Elf:2:    elven_hall_of_blades_hangedman_original [grunt_blade_entry_basic],
          layout_onion_city, mu_enter_wizlab_4, hangedman_glass_teeth,
          minivault_16, nicolae_elf_altarnating
Elf:3:    minmay_elf_hall_spiked, layout_geoelf_diagonals,
          nicolae_trove_entry_crystal, serial_shops, shop
Vaults:1: nicolae_vaults_diagonal_hallway_8, v_misc_28,
          nicolae_vaults_frosty_reception, nicolae_vaults_trapezoid_lopsided_3,
          vaults_dpeg_hooks, v_rooms_3, nicolae_vaults_stand_back,
          hangedman_vaults_impose, vaults_dpeg_emergency_exit, v_misc_2,
          vaults_room_hallway, layout_vaults_omnigrid
Vaults:2: nicolae_vaults_house_2, nicolae_vaults_big_ls,
          minmay_crypt_entry_skeletal_spiral, grunt_vaults_hallway_long,
          nicolae_vaults_trapezoid_lopsided_3, nicolae_vaults_yaktaur_gun_rack,
          nicolae_vaults_little_squares_4, st_lattice, v_misc_8,
          nicolae_vaults_tetromino_Z_1, nicolae_vaults_house_3,
          vaults_mumra_chevron, hangedman_vaults_nodes,
          nicolae_vaults_weapon_check, hangedman_vaults_locks,
          nicolae_vaults_closet_pinwheel_1, layout_vaults_maze
Vaults:3: nicolae_vaults_loss_of_containment, dpeg_vaults_monster_box,
          nicolae_vaults_tetromino_Z_1, v_misc_27, nicolae_vaults_what_the_h,
          nicolae_vaults_sesquioval_fish, v_pattern_5,
          nicolae_vaults_specimen_jars, nicolae_vaults_triangles,
          ontoclasm_vaults_tryst, serial_ice_b, nicolae_vaults_house_1,
          layout_vaults_omnibox, serial_shops, bzr_entry_gold, uniq_frederick
Vaults:4: nicolae_vaults_network_square, hangedman_vaults_stretched_pinwheel,
          nicolae_vaults_more_shelving_1,
          vaults_standard_mumra_enter_the_diamond,
          nicolae_vaults_network_quinsquares
          [nicolae_vaults_network_quincunx_subvault,
          nicolae_vaults_network_quincunx_subvault,
          nicolae_vaults_network_quincunx_subvault,
          nicolae_vaults_network_quincunx_subvault],
          nicolae_vaults_closet_pinwheel_3, v_misc_1, v_misc_23,
          layout_vaults_ring
Vaults:5: serial_shops
Crypt:1:  layout_rooms, feat_on_display, grunt_crypt_arrival_split, uniq_grunn
Depths:1: layout_cave_pools, enter_ziggurat_e, serial_shops, shop,
          nicolae_hell_entry_big_baal_hell, minmay_misc_feat_alley, abyss_entry,
          grunt_decor_resistance, chei_slow_surprise, uniq_saint_roka
Depths:2: minmay_broken_ring, layout_long_grid, abyss_entry_crystal,
          rand_demon_pan_entry_3, hell_entry, bloody_trog,
          hangedman_abyss_or_decor_jellyfish_corner, uniq_norris
Depths:3: angbandy_vault, layout_gridlike, grunt_hell_entry_dis_old,
          roderic_serpentine_path, nicolae_abyss_entry_one_way_or_another,
          hangedman_abyss_or_decor_clamps, minmay_staircase_bubble
Depths:4: grunt_zot_entry_hairpin, layout_cave_shapes, serial_bayou_pond_d,
          hell_entry, serial_bayou_pond_e, nicolae_shop_gadgets, uniq_boris
Zot:1:    cheibrodos_zot_enchanting_chambers, layout_misc_corridors,
          hangedman_snake_sidewinding
Zot:2:    layout_cathedral_of_symmetry, regret_index_zotdec_decaying_basic
Zot:3:    layout_misc_corridors, regret_index_zotdec_tunneler
Zot:4:    lemuel_draconian_sentries_small, layout_cathedral_of_symmetry
Zot:5:    layout_concentric_octagons, grunt_ministairs_6, st_stairs_14

Skill      XL: |  1  2  3  4  5  6  7  8  9 10 11 12 13 14 15 16 17 18 19 20 21 22 23 24 25 26 27 |
---------------+----------------------------------------------------------------------------------+-----
Fighting       | 2 3 4 5 7 8 10 11 13 15 16 17 18 19 20 27 | 27.0
Unarmed Combat | 4 5 6 7 8 10 12 13 15 16 17 19 20 21 23 24 25 26 | 26.1
Armour         | 2 3 4 6 8 10 | 10.0
Dodging        | 4 6 7 8 10 11 12 13 14 15 16 18 | 18.0
Shapeshifting  | 7 10 12 16 17 18 19 20 21 22 27 | 27.0
Spellcasting   | 4 6 10 | 10.0
Shields        | 3 6 18 | 18.0
Translocations | 5 9 10 | 10.4
Evocations     | 10 | 10.0

Action                     |  1- 3 |  4- 6 |  7- 9 | 10-12 | 13-15 | 16-18 | 19-21 | 22-24 | 25-27 || total
---------------------------+-------+-------+-------+-------+-------+-------+-------+-------+-------++-------
  Melee: Unarmed           |   102 |   157 |   314 |   583 |  1159 |   958 |  1040 |  1008 |  2974 ||  8295
         Punch             |     3 |     4 |    19 |    43 |     5 |    50 |    48 |       |     7 ||   179
         Tailslap          |       |       |       |       |       |    49 |     8 |       |       ||    57
         Bite              |       |       |       |       |       |    27 |     9 |       |       ||    36
  Throw: Dart              |       |     2 |    12 |     5 |     1 |       |       |       |       ||    20
         Boomerang         |       |       |    17 |    13 |       |       |       |       |       ||    30
         Javelin           |       |       |     3 |       |       |       |     1 |       |       ||     4
   Cast: Wereblood         |       |       |       |       |       |       |       |     7 |       ||     7
         Manifold Assault  |       |       |       |       |       |       |       |       |   100 ||   100
 Invoke: Call Merchant     |       |       |       |     1 |     1 |     2 |     1 |     3 |     3 ||    11
         Bribe Branch      |       |       |       |       |       |       |       |       |     4 ||     4
Ability: Begin Untransform |     1 |     1 |     2 |       |       |       |       |       |     2 ||     6
         Blinkbolt         |       |       |       |       |       |       |       |       |     3 ||     3
  Evoke: Wand              |       |       |     4 |    10 |     4 |     3 |     2 |       |     4 ||    27
         Phantom mirror    |       |       |       |       |       |     1 |       |       |       ||     1
    Use: Scroll            |       |     7 |     7 |     9 |     6 |     4 |    16 |     5 |    15 ||    69
         Potion            |       |     3 |     3 |       |       |       |     8 |     4 |    27 ||    45
   Stab: Invisible         |       |       |     2 |     1 |       |       |       |       |       ||     3
         Distracted        |       |       |       |     1 |     2 |     8 |     5 |     5 |    27 ||    48
         Sleeping          |       |       |       |       |       |       |     1 |     1 |     3 ||     5
         Petrified         |       |       |       |       |       |       |       |       |     2 ||     2
 Armour: Animal skin       |    18 |       |       |       |       |       |       |       |       ||    18
         Ring mail         |    19 |    90 |   183 |    63 |       |       |       |       |       ||   355
         Plate armour      |       |       |       |   372 |   831 |   329 |   479 |       |     1 ||  2012
         Skin              |       |       |       |       |       |   372 |   481 |   796 |  1902 ||  3551
  Dodge: Dodged            |    44 |    69 |   142 |   189 |   580 |   644 |   895 |  1022 |  2437 ||  6022
  Block: Other             |       |       |       |       |   101 |    28 |       |       |       ||   129
         Reflection        |       |       |       |       |     1 |     2 |       |       |    59 ||    62
         Buckler           |       |       |       |       |       |    91 |   217 |   385 |   534 ||  1227
         Kite shield       |       |       |       |       |       |       |       |       |  1680 ||  1680
   Form: Beast             |     1 |     1 |     1 |       |       |       |       |       |       ||     3
         Flux              |       |       |       |       |     2 |     1 |     1 |       |       ||     4
         Anaconda          |       |       |       |       |     1 |       |       |       |       ||     1
         Dragon            |       |       |       |       |       |     3 |     1 |       |       ||     4
         Statue            |       |       |       |       |       |     4 |     2 |       |     1 ||     7
         Blade             |       |       |       |       |       |     2 |     1 |       |       ||     3
         Storm             |       |       |       |       |       |       |       |       |     2 ||     2

Table legend: (Time is in decaauts)
 A = Elapsed time spent in this place.
 B = Non-inter-level travel time spent in this place.
 C = Inter-level travel time spent in this place.
 D = Time resting spent in this place.
 E = Time spent auto-exploring this place.
 F = Levels seen in this place.
 G = Mean time per level.
                   A        B        C        D        E       F      G
               +--------+--------+--------+--------+--------+-----+--------+
         Total |  96113 |  88614 |   7499 |  17330 |  40702 |  83 | 1158.0 |
       Dungeon |  24046 |  20959 |   3087 |   5005 |   8898 |  15 | 1603.1 |
        Temple |      1 |      1 |      0 |      0 |      0 |   1 |    1.0 |
          Lair |   6947 |   6390 |    557 |   1559 |   2781 |   5 | 1389.4 |
         Swamp |   4620 |   4476 |    144 |    777 |   2678 |   4 | 1155.0 |
   Spider Nest |   7148 |   6903 |    245 |   1244 |   3589 |   4 | 1787.0 |
    Slime Pits |   2768 |   2659 |    109 |    830 |    508 |   5 |  553.6 |
  Orcish Mines |   3220 |   3025 |    195 |   1315 |    750 |   2 | 1610.0 |
   Elven Halls |   6921 |   6464 |    457 |   2247 |   2336 |   3 | 2307.0 |
        Vaults |  13196 |  12150 |   1046 |   2058 |   6543 |   5 | 2639.2 |
         Crypt |     85 |     84 |      1 |      0 |     34 |   1 |   85.0 |
        Depths |   8522 |   7524 |    998 |    838 |   4619 |   4 | 2130.5 |
           Zot |   9717 |   9061 |    656 |    325 |   6578 |   5 | 1943.4 |
         Abyss |   1884 |   1884 |      0 |     40 |     36 |   4 |  471.0 |
   Pandemonium |   4414 |   4414 |      0 |    301 |   1127 |  11 |  401.3 |
      Ziggurat |   1457 |   1457 |      0 |    397 |    174 |  10 |  145.7 |
        Bazaar |     98 |     98 |      0 |      0 |     46 |   1 |   98.0 |
         Trove |    147 |    147 |      0 |      0 |      0 |   1 |  147.0 |
        Bailey |    787 |    787 |      0 |    390 |      0 |   1 |  787.0 |
        Wizlab |    127 |    127 |      0 |      0 |      0 |   1 |  127.0 |
               +--------+--------+--------+--------+--------+-----+--------+

Top non-repeatable levels by time:
   Elf:3: 3891 daAuts
Vaults:2: 3225 daAuts
Vaults:4: 3101 daAuts
    D:10: 2800 daAuts
Depths:3: 2749 daAuts
    D:14: 2728 daAuts
Vaults:5: 2704 daAuts
Depths:4: 2582 daAuts
   Zot:4: 2575 daAuts
     D:9: 2383 daAuts
  Lair:5: 2360 daAuts
   Orc:1: 2315 daAuts
Vaults:1: 2289 daAuts
Spider:2: 2228 daAuts
   Zot:5: 2132 daAuts
